 Dungeon Crawl Stone Soup version 0.20.1-1-g8b1a95d (webtiles) character file.

485 grizmgrazm2 the Sneak (level 6, 0/43 HPs)
             Began as a Vampire Enchanter on Sept 20, 2017.
             Was an Initiate of Sif Muna.
             Slain by Pikel
             ... wielding a +2 whip of flaming
              (2 damage)
             ... on level 4 of the Dungeon.
             The game lasted 00:14:26 (4415 turns).

grizmgrazm2 the Sneak (Vampire Enchanter)           Turns: 4415, Time: 00:14:27

Health: 0/43       AC:  4    Str:  7    XL:     6   Next: 88%
Magic:  5/19       EV: 13    Int: 19    God:    Sif Muna [......]
Gold:   86         SH:  4    Dex: 15    Spells: 6/11 levels left

rFire    . . .     SeeInvis +   a - +3 dagger
rCold    + + .     Gourm    .   m - +0 buckler
rNeg     + + +     Faith    .   b - +0 robe
rPois    ∞         Spirit   .   (no helmet)
rElec    .         Reflect  .   (no cloak)
rCorr    .         Harm     .   (no gloves)
MR       +....                  l - +1 pair of boots
Stlth    ++++++....             (no amulet)
Regen    0.0/turn               i - ring of magical power
MPRegen  0.2/turn               k - ring of protection from magic

@: bloodless, non-regenerating
A: fangs 3, see invisible, unbreathing
a: Bat Form, Renounce Religion


You were on level 4 of the Dungeon.
You worshipped Sif Muna.
Sif Muna was noncommittal.
You were bloodless.

You visited 1 branch of the dungeon, and saw 4 of its levels.

You collected 86 gold pieces.

Inventory:

Hand Weapons
 a - a +3 dagger (weapon)
 h - a +0 dagger
Armour
 b - a +0 robe (worn)
 l - a +1 pair of boots (worn)
 m - a +0 buckler (worn)
Jewellery
 i - a ring of magical power (left hand)
 k - a ring of protection from magic (right hand)
Wands
 e - a wand of random effects (42/48)
Potions
 d - 10 potions of blood
 f - 2 potions of invisibility
 g - a potion of agility
 q - a potion of heal wounds
Books
 c - a book of Maledictions

   Spells                             Type                      Level
   a - Corona                         Hexes                        1
   b - Ensorcelled Hibernation        Hexes/Ice                    2
   c - Confuse                        Hexes                        3
   d - Tukima's Dance                 Hexes                        3
   e - Dazzling Spray                 Conjuration/Hexes            3
 p - a book of Misfortune

   Spells                             Type                      Level
   a - Confusing Touch                Hexes                        1
   b - Confuse                        Hexes                        3
   c - Gell's Gravitas                Translocation                3
   d - Petrify                        Transmutation/Earth          4
   e - Metabolic Englaciation         Hexes/Ice                    5
   f - Yara's Violent Unravelling     Hexes/Transmutation          5


   Skills:
 + Level 1.1 Fighting
 + Level 2.8 Short Blades
 + Level 3.1 Dodging
 * Level 7.5 Stealth
 + Level 1.3 Shields
 * Level 3.1 Spellcasting
 + Level 5.9 Hexes
 + Level 1.9 Ice Magic


You had 6 spell levels left.
You knew the following spells:

 Your Spells              Type           Power        Failure   Level  Hunger
a - Ensorcelled Hibernat  Hex/Ice        ###...       6%          2    ##.....
b - Confuse               Hex            ####....     5%          3    ###....


Dungeon Overview and Level Annotations

Branches:
Dungeon (4/15)
 Temple: D:4-7

Altars:
Sif Muna

Annotations:
D:4 Pikel


Innate Abilities, Weirdness & Mutations

You do not heal naturally.
You are immune to poison.
You have razor-sharp teeth.
You have supernaturally acute eyesight. (SInv)
You can survive without breathing.


Message History

You hit Pikel.
Pikel is almost dead.
Pikel hits you with a whip of flaming.
* * * LOW HITPOINT WARNING * * *
Pikel burns you.
* * * LOW HITPOINT WARNING * * *
You closely miss Pikel.
Pikel is almost dead.
You block Pikel's attack.
Casting: Confuse
Confirm with . or Enter, or press ? or * to list all spells.
Aiming: Ensorcelled Hibernation
Press: ? - help, Shift-Dir - straight line, f/p - slave
Aim: a slave, wearing an animal skin (moderately wounded, confused, chance to defeat MR: 48%)
The slave resists with some effort.
The slave shouts!
Pikel hits you with a whip of flaming.
* * * LOW HITPOINT WARNING * * *
Pikel burns you.
You die...

####.#.# ######.#
.......##### #.#
...........# #[#
.###>#<###.######.#
.###.#.........p..#
........##.#####.$#
####........# #..#
######..##..##
#..###p#?
........##...#
#@....!..
####....>....#
#K#####.# .#
#.##.####.# #.# .#
#.##.# #.# #.####
.#
#.##.####.###.....
.###.##..<)......#
...............#.#
.....#######.#.#.#
.###.#######.#.#.#


You could see Pikel (invisible) and 2 slaves.

Vanquished Creatures
  Sigmund (D:4)
  A slave (D:4)
  A hound (D:4)
  An orc wizard (D:4)
  Natasha (thrice) (D:3)
  A worker ant (D:4)
  Robin (D:2)
  3 gnolls (D:1)
  2 adders
  2 oozes (D:1)
  2 worms
  4 dart slugs
  2 leopard geckos (D:3)
  3 orcs
  A giant cockroach (D:4)
  13 goblins (D:1)
  11 hobgoblins
  4 jackals
  2 quokkas (D:4)
  8 bats
  8 frilled lizards
  A jackal zombie (D:4)
  3 kobolds
  11 rats
89 creatures vanquished.

Notes
Turn   | Place    | Note
-------+----------+-------------------------------------------
     0 | D:1      | grizmgrazm2 the Vampire Enchanter began the quest for the Orb.
     0 | D:1      | Reached XP level 1. HP: 13/13 MP: 3/3
   190 | D:1      | Reached skill level 5 in Stealth
   190 | D:1      | Reached XP level 2. HP: 9/19 MP: 0/5
   201 | D:1      | Learned a level 2 spell: Ensorcelled Hibernation
   931 | D:1      | Reached XP level 3. HP: 21/24 MP: 1/6
   936 | D:1      | Learned a level 3 spell: Confuse
  1659 | D:2      | Noticed Robin
  1666 | D:1      | Reached skill level 6 in Stealth
  1732 | D:1      | Reached XP level 4. HP: 24/30 MP: 7/7
  1773 | D:1      | Reached skill level 5 in Hexes
  2194 | D:2      | Killed Robin
  2335 | D:2      | Reached skill level 1 in Ice Magic
  2386 | D:2      | Reached XP level 5. HP: 35/35 MP: 8/8
  2569 | D:2      | Found a deep blue altar of Sif Muna.
  2575 | D:2      | Became a worshipper of Sif Muna the Loreminder
  2986 | D:3      | Noticed Natasha
  2993 | D:3      | Killed Natasha
  3013 | D:3      | Noticed Natasha
  3920 | D:3      | Killed Natasha
  4018 | D:3      | Noticed Natasha
  4025 | D:3      | Killed Natasha
  4128 | D:4      | Noticed Sigmund
  4132 | D:4      | Killed Sigmund
  4132 | D:4      | Reached skill level 1 in Fighting
  4132 | D:4      | Reached skill level 7 in Stealth
  4132 | D:4      | Reached skill level 1 in Shields
  4132 | D:4      | Reached XP level 6. HP: 43/43 MP: 10/10
  4309 | D:4      | Noticed Pikel
  4310 | D:4      | Noticed a slave
  4311 | D:4      | Noticed a slave
  4312 | D:4      | Noticed a slave
  4386 | D:4      | Noticed a slave
  4390 | D:4      | Killed a slave
  4415 | D:4      | HP: 2/43 [Pikel/whip of flaming (3)]
  4415 | D:4      | Slain by Pikel

Skill      XL: |  1  2  3  4  5 |
---------------+----------------+-----
Stealth        | 5 6 7 |  7.5
Hexes          | 5 |  5.9
Short Blades   | 2 |  2.8
Ice Magic      | 1 |  1.9
Fighting       | 1 |  1.1
Dodging        | 3 |  3.1
Shields        | 1 |  1.3
Spellcasting   | 3 |  3.1

Action                   |  1- 3 |  4- 6 || total
-------------------------+-------+-------++-------
Melee: Dagger            |   110 |    90 ||   200
       Bite              |     2 |     5 ||     7
 Cast: Corona            |     7 |       ||     7
       Ensorcelled Hiber |    29 |    44 ||    73
       Confuse           |       |    11 ||    11
 Abil: End Transformatio |     1 |     1 ||     2
       Bat Form          |     1 |     1 ||     2
  Use: Scroll            |     5 |     9 ||    14
       Potion            |     1 |     6 ||     7
 Stab: Sleeping          |    21 |    31 ||    52
       Confused          |       |     3 ||     3
Armor: Robe              |    33 |    17 ||    50
Dodge: Dodged            |    97 |    59 ||   156
Block: Buckler           |       |     7 ||     7
